 Dungeon Crawl Stone Soup version 0.27.0-1-g7a089689b8 (webtiles) character file.

Game seed: 11053836809587480843

849 Crazydiamond the Insei (level 8, -2/50 HPs)
             Began as an Octopode Transmuter on Aug 16, 2021.
             Was a Follower of Fedhas.
             Slain by Duvessa (7 damage)
             ... on level 5 of the Dungeon.
             The game lasted 00:16:50 (6809 turns).

Crazydiamond the Insei (Octopode Transmuter)        Turns: 6809, Time: 00:16:50

Health: -2/50      AC:  1    Str: 12    XL:     8   Next: 1%
Magic:  8/12       EV: 14    Int: 15    God:    Fedhas [*.....]
Gold:   318        SH:  0    Dex: 12    Spells: 9/13 levels left

rFire    . . .     SeeInvis +     - Unarmed
rCold    + . .     Faith    .   (no shield)
rNeg     . . .     Spirit   .   (helmet restricted)
rPois    .         Reflect  .   (no amulet)
rElec    .         Harm     .   o - ring of protection from cold
rCorr    .         Rampage  .   q - ring of see invisible
Will     .....                  (no ring)
Stlth    ++++......             (no ring)
HPRegen  0.16/turn              (no ring)
MPRegen  0.13/turn              (no ring)
                                (no ring)
                                (no ring)

@: no status effects
A: almost no armour, amphibious, 8 rings, camouflage 1, gelatinous body 1,
(nimble swimmer 1), tentacles, antennae 1, deterioration 1, wild magic 1, noise
suppression
a: Renounce Religion


You were on level 5 of the Dungeon.
You worshipped Fedhas.
Fedhas was aware of your devotion.
You visited 1 branch of the dungeon, and saw 5 of its levels.

You collected 318 gold pieces.

Inventory:

Missiles
 n - 4 curare-tipped darts (quivered)
Armour
 j - a +0 buckler
Magical Staves
 p - a staff of poison
Jewellery
 d - a ring of fire
 o - a ring of protection from cold (left tentacle)
 q - a ring of see invisible (right tentacle)
Wands
 m - a wand of polymorph (5)
Scrolls
 b - a scroll of noise {unknown}
 e - a scroll of teleportation {unknown}
 f - a scroll of brand weapon {unknown}
 g - a scroll of enchant armour {unknown}
 h - a scroll of enchant weapon {unknown}
 i - a scroll of fog {unknown}
 k - a scroll of amnesia
Potions
 a - 2 potions of brilliance {unknown}
 c - 3 potions of curing
 l - a potion of flight
 r - a potion of degeneration {unknown}


   Skills:
 + Level 1.9 Fighting
 + Level 3.5 Dodging
 + Level 5.4 Stealth
 + Level 6.3 Unarmed Combat
 + Level 3.3 Spellcasting
 + Level 2.9 Transmutations
 + Level 1.5 Poison Magic


You had 9 spell levels left.
You knew the following spells:

 Your Spells              Type           Power      Damage    Failure   Level
a - Beastly Appendage     Tmut           28%        N/A       10%         1
c - Spider Form           Tmut/Pois      5%         N/A       32%         3

Your spell library contained the following spells:

 Spells                   Type           Power      Damage    Failure   Level
 Wereblood                Tmut           14%        N/A       13%         2
 Summon Small Mammal      Summ           12%        N/A       28%         1
 Call Canine Familiar     Summ           3%         N/A       61%         3
 Summon Guardian Golem    Hex/Summ       3%         N/A       61%         3
 Ice Form                 Ice/Tmut       8%         N/A       78%         4


Dungeon Overview and Level Annotations

Branches:
Dungeon (5/15)             Temple (0/1) D:5

Altars:
Ashenzari
Cheibriados
Fedhas
Gozag
Makhleb
Xom
Yredelemnul

Annotations:
D:3 3 runed translucent doors, fram's ghost, amateur DDTm
D:5 1 runed translucent door, Duvessa


Innate Abilities, Weirdness & Mutations

You cannot wear most types of armour.
You are amphibious.
You can wear up to eight rings at the same time.
Your skin changes colour to match your surroundings (Stealth+).
Your rubbery body absorbs attacks. (AC +1, EV +1)
((You are camouflaged near water. (Stealth+)))
You have tentacles for arms and can constrict up to eight enemies at once.
You have a pair of small antennae on your head.
Your body sometimes deteriorates upon taking damage.
Your spells are a little harder to cast, but a little more powerful.
You passively dampen the noise of your surroundings.


Message History

You hit Dowan.
Dowan looks as sick as possible!
Dowan is almost dead.
You feel very sick. The adder bites you. Duvessa completely misses you.
Dowan casts a spell at you. The puff of frost hits you. You resist.
The adder misses you.
You hit Dowan.
You kill Dowan!
Fedhas appreciates your contribution to the ecosystem.
Duvessa weeps, then rights herself and shakes her weapon.
Duvessa goes berserk!
You feel sick. Duvessa hits you with a +0 short sword!
The adder completely misses you. Duvessa misses you.
You feel your strength returning.
You have reached level 8!
Okay, then.
Okay, then.
You bite Duvessa!
Duvessa is poisoned.
Duvessa is lightly wounded.
Your transformation has ended.
You feel sick. Duvessa completely misses you. The adder closely misses you.
As you read the scroll labelled VUYROI OMNU, it crumbles to dust.
It is a scroll of amnesia.
Forget Wereblood, freeing 2 spell levels for a total of 9?
Your memory of Wereblood unravels.
You feel sick. Duvessa hits you with a +0 short sword!
* * * LOW HITPOINT WARNING * * *
The adder closely misses you.
Okay, then.
You feel sick. Duvessa barely misses you.
The adder bites you but does no damage.
You feel sick.
You feel sick. Duvessa closely misses you.
You feel sick. The adder bites you.
* * * LOW HITPOINT WARNING * * *
Found Great Wizards, Vol.
VII.
Found a stone staircase leading down.
You feel sick.
You are no longer poisoned.
Duvessa hits you with a +0 short sword!
You die...
Fedhas appreciates your contribution to the ecosystem.

#.........##.##.........
#.........##.##.........
#.........##.##.........
#.........##.##.........
#..........#.##.........
#.)........#.##.........
#............######.#.##
#...YSe.......## #.#.##
#......@...##..####.#...
########....##......#..#
≈SS+...............#
#####............##.#
.......##.......##.#
##.######........).. :..
#........#.. >..
#####..#.##. #.....#.##.


You could see Duvessa (berserk, fast, poisoned), an ice beast and 3 adders.

Vanquished Creatures
  A sky beast (D:5)
  A black bear (D:4)
  A necrophage (D:5)
  A scorpion (D:4)
  2 water moccasin skeletons (D:4)
  Dowan (D:5)
  3 hounds
  An iron imp (D:3)
  2 iguanas (D:5)
  A hound skeleton (D:5)
  8 adders
  3 gnolls (D:3)
  A howler monkey skeleton (D:5)
  An ufetubus (D:5)
  3 worms
  A dart slug (D:5)
  2 orcs
  5 ball pythons
  5 bats
  6 endoplasms
  6 giant cockroaches
  5 goblins
  7 hobgoblins
  3 jackals (D:1)
  5 kobolds
  5 quokkas
  8 rats
88 creatures vanquished.

Notes
Turn   | Place    | Note
-------+----------+-------------------------------------------
     0 | D:1      | Crazydiamond the Octopode Transmuter began the quest for
                  | the Orb.
     0 | D:1      | Reached XP level 1. HP: 13/13 MP: 3/3
   184 | D:1      | Reached XP level 2. HP: 18/18 MP: 3/5
   526 | D:1      | Found a faded altar of an unknown god.
   540 | D:1      | Reached XP level 3. HP: 15/23 MP: 6/6
   543 | D:1      | Became a worshipper of Gozag Ym Sagoz the Greedy
   692 | D:1      | Fell from the grace of Gozag
   951 | D:2      | Reached skill level 1 in Stealth
  1419 | D:2      | Reached skill level 4 in Unarmed Combat
  2045 | D:1      | Learned a level 2 spell: Wereblood
  2049 | D:1      | Learned a level 3 spell: Spider Form
  2059 | D:1      | Reached XP level 4. HP: 16/28 MP: 3/7
  3414 | D:3      | Found a snail-covered altar of Cheibriados.
  3426 | D:3      | Was forgiven by Gozag
  3426 | D:3      | Reached XP level 5. HP: 14/33 MP: 8/8
  3759 | D:3      | Found a runed translucent gate.
  3759 | D:3      | Found a runed translucent gate.
  3759 | D:3      | Found a runed translucent gate.
  3761 | D:3      | Noticed fram's ghost (amateur DDTm)
  4694 | D:3      | Found a blossoming altar of Fedhas.
  4695 | D:3      | Found a broken altar of Ashenzari.
  4705 | D:3      | Became a worshipper of Fedhas Madash
  4881 | D:4      | Reached skill level 5 in Unarmed Combat
  4881 | D:4      | Reached XP level 6. HP: 27/38 MP: 10/10
  5052 | D:4      | Noticed a black bear
  5230 | D:4      | Gained mutation: You passively dampen the noise of your
                  | surroundings. [potion of mutation]
  5230 | D:4      | Gained mutation: Your body sometimes deteriorates upon
                  | taking damage. [potion of mutation]
  5230 | D:4      | Gained mutation: You have a pair of small antennae on your
                  | head. [potion of mutation]
  5230 | D:4      | Gained mutation: Your spells are a little harder to cast,
                  | but a little more powerful. [potion of mutation]
  5255 | D:4      | Killed a black bear
  5357 | D:4      | Found a basalt altar of Yredelemnul.
  5368 | D:4      | Found a shimmering altar of Xom.
  5556 | D:4      | Reached XP level 7. HP: 25/43 MP: 11/11
  6062 | D:5      | Entered Level 5 of the Dungeon
  6063 | D:5      | Found a staircase to the Ecumenical Temple.
  6154 | D:5      | Found a runed translucent door.
  6193 | D:5      | Reached skill level 1 in Poison Magic
  6209 | D:5      | Reached skill level 6 in Unarmed Combat
  6285 | D:5      | Found a burning altar of Makhleb.
  6300 | D:5      | Reached skill level 5 in Stealth
  6305 | D:5      | Reached * piety under Fedhas
  6667 | D:5      | Identified the +6 whip of Impatience {vamp, Str+4}
  6791 | D:5      | Noticed Duvessa
  6791 | D:5      | Noticed Dowan
  6802 | D:5      | Killed Dowan
  6803 | D:5      | Reached XP level 8. HP: 24/50 MP: 7/12
  6809 | D:5      | Slain by Duvessa

Illustrated notes

Levels and vault maps discovered:
D:1:      noname_arrival_rooms_in_the_neighbourhood, layout_basic,
          hellmonk_ecumenical_altar_crossroads, minmay_misc_feat_roman
D:2:      layout_loops_cross
D:3:      layout_basic, gammafunk_temple_overflow_statue, slow_altar_1,
          ebering_ghost_rock_garden
D:4:      layout_basic, mainiacjoe_overflow_catch_the_wave, eino_curves_04,
          minivault_24
D:5:      layout_rooms, makhleb_blood_cavern_becter, minmay_temple_entry_trees,
          ebering_ghost_sewer_d, uniq_duvessa

Skill      XL: |  1  2  3  4  5  6  7 |
---------------+----------------------+-----
Stealth        | 1 2 3 4 5 |  5.4
Unarmed Combat | 4 5 6 |  6.3
Dodging        | 3 |  3.5
Spellcasting   | 3 |  3.3
Poison Magic   | 1 |  1.5
Fighting       | |  1.9
Transmutations | |  2.9

Action                   |  1- 3 |  4- 6 |  7- 9 || total
-------------------------+-------+-------+-------++-------
Melee: Unarmed           |    73 |   131 |    45 ||   249
       Constrict         |    20 |    22 |     6 ||    48
       Kick              |     8 |       |       ||     8
       Tentacles         |     8 |    14 |     9 ||    31
       Punch             |     2 |     5 |     2 ||     9
 Cast: Beastly Appendage |     8 |     2 |       ||    10
       Spider Form       |     1 |     7 |     4 ||    12
Invok: Renounce Religion |     1 |       |       ||     1
  Use: Scroll            |     1 |     2 |     1 ||     4
       Potion            |       |     1 |       ||     1
 Stab: Sleeping          |     5 |    11 |     4 ||    20
Armor: Skin              |     5 |     3 |     4 ||    12
Dodge: Dodged            |    44 |    69 |    41 ||   154
